 Dungeon Crawl Stone Soup version 0.25-a0-558-g78a2afb0af (webtiles) character file.

Game seed: 3605225920869560709, levelgen mode: classic

2436 EnegeticOcto the Chopper (level 9, 47/85 HPs)
             Began as a Deep Dwarf Fighter on Feb 24, 2020.
             Quit the game in the Ecumenical Temple.
             The game lasted 00:03:16 (3222 turns).

EnegeticOcto the Chopper (Deep Dwarf Fighter)       Turns: 3222, Time: 00:03:17

Health: 47/85      AC: 18    Str: 24    XL:     9   Next: 25%
Magic:  7/7        EV:  7    Int:  8    God:
Gold:   239        SH: 11    Dex: 12    Spells: 8/8 levels left

rFire    . . .     SeeInvis .   p - +1 war axe (freeze)
rCold    . . .     Gourm    .   c - +1 kite shield
rNeg     . . .     Faith    .   b - +0 plate armour
rPois    +         Spirit   .   y - +0 helmet
rElec    .         Reflect  .   (no cloak)
rCorr    .         Harm     .   (no gloves)
MR       +....                  (no boots)
Stlth    ..........             (no amulet)
HPRegen  0.00/turn              d - ring of poison resistance
MPRegen  0.10/turn              g - +4 ring of protection {=R}

@: non-regenerating
A: damage resistance, heal wounds, sense surroundings 2, no regeneration
a: Heal Wounds


You were in the Ecumenical Temple.
You were very hungry.

You visited 2 branches of the dungeon, and saw 8 of its levels.
You also visited: Ossuary.

You collected 239 gold pieces.

Inventory:

Hand Weapons
 p - a +1 war axe of freezing (weapon)
Armour
 b - a +0 plate armour (worn)
 c - a +1 kite shield (worn)
 y - a +0 helmet (worn)
Jewellery
 d - a ring of poison resistance (left hand)
 g - a +4 ring of protection (right hand) {=R}
Wands
 A - a wand of flame (16)
Scrolls
 f - 5 scrolls of remove curse {@r6}
 i - 2 scrolls of enchant armour
 j - a scroll of teleportation {@r2}
 l - 2 scrolls of fear
 r - a scroll of magic mapping {@r5}
 t - 2 scrolls of identify {@r1}
 u - 2 scrolls of enchant weapon
Potions
 a - a potion of flight {unknown}
 h - a potion of resistance {unknown}
 k - a potion of might {@q3}
 m - a potion of berserk rage
 n - a potion of haste {@q4}
 o - 4 potions of curing {unknown}
 q - a potion of mutation {unknown}
 s - a potion of magic {unknown}
 v - a potion of degeneration {unknown}
 z - a potion of heal wounds {unknown}
Comestibles
 e - 5 rations


   Skills:
 * Level 6.6 Fighting
 * Level 7.6 Axes
 + Level 6.2 Armour
 + Level 4.9 Dodging
 + Level 6.1 Shields


You had 8 spell levels left.
You didn't know any spells.
Your spell library was empty.

Dungeon Overview and Level Annotations

Branches:
Dungeon (7/15)             Temple (1/1) D:7         Ossuary (visited)

Altars:
Ashenzari
Cheibriados
Dithmenos
Fedhas
Gozag
Hepliaklqana
Kikubaaqudgha
Okawaru
Qazlal
Ru
Sif Muna
Trog
Vehumet
Wu Jian
Xom
Yredelemnul
The Shining One


Innate Abilities, Weirdness & Mutations

You are resistant to damage.
You can heal yourself by infusing magical energy.
You passively map the area around you.
You do not regenerate.


Message History

There is an open door here.
You open the door.
There is an open door here.
You open the door.
There is an open door here.
o - 4 amethyst potions (gained 1)
You open the door.
There is an open door here.
There is an open door here.
You are feeling hungry.
Found a shattered altar of Ashenzari.
No target in view!
You open the door.
There is an open door here.
Found a stone staircase leading down.
There is an open door here.
A hound zombie comes into view.
A hound zombie is nearby!
You slash the hound zombie!
The hound zombie is moderately damaged.
You block the hound zombie's attack. x2
You slice the hound zombie!! You freeze the hound zombie.
The hound zombie is almost destroyed.
The hound zombie bites you. x2
Your plate armour prevents you from hitting the hound zombie.
The hound zombie is almost destroyed.
You block the hound zombie's attack.
You hit the hound zombie.
You destroy the hound zombie!
No target in view!
No target in view!
No target in view!
You see here a +0 giant spiked club.
You see here a chain mail.
You open the door.
There is an open door here.
Done exploring.
Done exploring.
Done exploring.
Done exploring.
No target in view!
No target in view!
No target in view!
No target in view!
No target in view!
No target in view!
No target in view!
Done exploring.
Done exploring.
(D) Dungeon
Where to? (Enter - D:6 @ (x,y), ? - help)
There is an open door here.
You see here 18 sling bullets.
You see here a +0 giant spiked club.
There is a stone staircase leading down here.
You climb downwards.
A hippogriff comes into view.
The hippogriff screeches!
There is a stone staircase leading up here.
As you read the scroll labeled CYMNOW PAKI, it crumbles to dust.
Wisps of shadow whirl around you...
It was a scroll of summoning.
You block the hippogriff's attack.
The hippogriff pecks you but does no damage.
You block the hippogriff's attack.
You slice the hippogriff!! You freeze the hippogriff!
The hippogriff is severely wounded.
Your killer bee zombie closely misses the hippogriff.
Your worker ant bites the hippogriff.
You block the hippogriff's attack.
The hippogriff pecks you but does no damage.
The hippogriff claws you but does no damage.
You slash the hippogriff! You freeze the hippogriff.
You kill the hippogriff!
No target in view!
No target in view!
No target in view!
No target in view!
No target in view!
No target in view!
No target in view!
You swap places.
Found a staircase to the Ecumenical Temple.
Found a stone staircase leading up.
(D) Dungeon (T) Temple
Where to? (Enter - D:7, ? - help)
You swap places.
There is a staircase to the Ecumenical Temple here.
You climb downwards.
Welcome to the Ecumenical Temple!
Your summoned ally is left behind.
Found six altars.
There is a staircase back to the Dungeon here.
Found a glowing golden altar of the Shining One.
Found a radiant altar of Vehumet and a shimmering blue altar of Sif Muna.
Found a shimmering altar of Xom.
You are feeling very hungry.
Done exploring.
Done exploring.
Done exploring.
Search for what [Enter for "plate", or ? for help]? mak Can't find anything matching that.
Are you sure you want to abandon this character and quit the game? (Confirm with "yes".)

#≈.._..................
##≈...................≈
######8.........8#####
##...................#
#≈.._......<......_..§
##...................#
######8.........8#####
##≈..................§§
#§....@............._.§
##≈.......8...8.......§
##≈.._...#...#.....§§#
#≈≈.....#._.#.....§§#
#≈≈≈....#...#._..≈§≈#
##≈≈≈...#...#...≈§≈##
####≈.≈##≈##≈.≈####
##≈#######≈## ### ###


There were no monsters in sight!

Vanquished Creatures
  Pikel (D:6)
  A hippogriff (D:7)
  Eustachio (D:6)
  A wraith (Ossuary)
  Edmund (D:6)
  2 orc warriors
  A slave (D:6)
  An ice beast (D:6)
  2 ogres
  2 sky beasts
  2 scorpions (D:4)
  2 vampire bats (D:4)
  2 crimson imps
  3 hounds (D:4)
  2 orc wizards
  A bullfrog skeleton (D:6)
  A jelly (D:6)
  5 worker ants
  A hound zombie (D:6)
  A mummy (Ossuary)
  4 adders
  4 gnolls (D:5)
  A shadow imp (D:5)
  2 oozes
  An adder skeleton (D:6)
  3 dart slugs
  A leopard gecko (D:4)
  16 orcs
  2 bat skeletons (D:4)
  5 bat zombies (D:4)
  3 giant cockroaches
  4 hobgoblins
  2 kobolds
  3 quokkas
  A bat (D:3)
  4 frilled lizards
  5 gnoll skeletons (Ossuary)
  9 goblins
  A jackal zombie (D:5)
  4 kobold skeletons (Ossuary)
  11 orc skeletons (Ossuary)
  5 rats
124 creatures vanquished.

Notes
Turn   | Place    | Note
-------+----------+-------------------------------------------
     0 | D:1      | EnegeticOcto the Deep Dwarf Fighter began the quest for the
                  | Orb.
     0 | D:1      | Reached XP level 1. HP: 20/20 MP: 1/1
    91 | D:1      | Reached XP level 2. HP: 27/27 MP: 2/2
   290 | D:3      | Reached skill level 1 in Dodging
   306 | D:3      | Reached XP level 3. HP: 34/34 MP: 3/3
   365 | D:3      | Reached skill level 3 in Axes
   558 | D:4      | Reached XP level 4. HP: 38/42 MP: 4/4
   725 | D:4      | Found a shadowy altar of Dithmenos.
   746 | D:4      | Reached XP level 5. HP: 32/49 MP: 5/5
   919 | D:4      | Found an ancient bone altar of Kikubaaqudgha.
   933 | D:4      | Reached skill level 4 in Axes
   981 | D:4      | Noticed a sky beast
  1014 | D:4      | Killed a sky beast
  1014 | D:4      | Reached XP level 6. HP: 53/57 MP: 6/6
  1046 | D:4      | Found a sacrificial altar of Ru.
  1425 | D:5      | Entered Level 5 of the Dungeon
  1431 | D:5      | Found an iron altar of Okawaru.
  1444 | D:5      | Noticed an orc warrior
  1476 | D:5      | Killed an orc warrior
  1476 | D:5      | Reached skill level 5 in Axes
  1476 | D:5      | Reached XP level 7. HP: 52/66 MP: 6/6
  1774 | D:5      | Found a hazy altar of Hepliaklqana.
  1807 | D:5      | Found a sand-covered staircase.
  1869 | Ossuary  | Entered an ossuary
  1869 | Ossuary  | Noticed a wraith
  1869 | Ossuary  | Noticed a wraith
  1869 | Ossuary  | Noticed a wraith
  1885 | Ossuary  | Reached skill level 5 in Fighting
  1945 | Ossuary  | Noticed a wraith
  1975 | Ossuary  | Killed a wraith
  1975 | Ossuary  | Reached skill level 5 in Armour
  1975 | Ossuary  | Reached skill level 5 in Shields
  1975 | Ossuary  | Reached XP level 8. HP: 30/74 MP: 7/7
  2285 | D:6      | Reached skill level 6 in Axes
  2375 | D:6      | Noticed Edmund
  2384 | D:6      | Killed Edmund
  2518 | D:6      | Found a basalt altar of Yredelemnul.
  2655 | D:6      | Noticed Eustachio
  2696 | D:6      | Killed Eustachio
  2696 | D:6      | Reached skill level 7 in Axes
  2884 | D:6      | Noticed Pikel
  2893 | D:6      | Killed Pikel
  2893 | D:6      | Gained mutation: You passively map the area around you.
                  | [Deep Dwarf growth]
  2893 | D:6      | Reached XP level 9. HP: 47/85 MP: 7/7
  3047 | D:6      | Found a shattered altar of Ashenzari.
  3141 | D:7      | Found a staircase to the Ecumenical Temple.
  3155 | Temple   | Entered the Ecumenical Temple
  3222 | Temple   | Quit the game

Levels and vault maps discovered:
D:1:      roderic_crossed_star, layout_basic, st_stairs_6
D:2:      kennysheep_the_goblin_king, layout_loops_ring
D:3:      layout_rooms, lemuel_round_altar
D:4:      layout_loops_ring, grunt_dithmenos_smoke, kennysheep_vampire_church,
          kennysheep_mini_moat, grunt_ministairs_9, hangedman_decor_points
D:5:      layout_basic, lemuel_doored_altar, okawaru_ov_weapons_minmay,
          first_ration, serial_curves, eino_curves_02, eino_curves_01,
          enter_ossuary_3
D:6:      layout_gridville, nicolae_overflow_crystal_walls, basic_altar,
          uniq_pikel, uniq_edmund, uniq_eustachio
D:7:      layout_gridville, ashenzari_altar_1, minmay_temple_entry_trees,
          the_bakery
Temple:   eino_temple_lava

Skill      XL: |  1  2  3  4  5  6  7  8 |
---------------+-------------------------+-----
Fighting       | 3 4 5 6 |  6.6
Dodging        | 1 2 3 4 |  4.9
Axes           | 3 4 5 7 |  7.6
Armour         | 4 5 6 |  6.2
Shields        | 4 5 6 |  6.1

Action                   |  1- 3 |  4- 6 |  7- 9 || total
-------------------------+-------+-------+-------++-------
Melee: War axe           |   109 |   194 |   202 ||   505
 Abil: Heal Wounds       |     1 |     5 |     3 ||     9
  Use: Scroll            |       |     8 |     6 ||    14
  Eat: Chunk             |       |     1 |       ||     1
       Ration            |       |     2 |       ||     2
Armor: Scale mail        |    32 |       |       ||    32
       Plate armour      |    27 |   152 |   105 ||   284
Dodge: Dodged            |    25 |    45 |    54 ||   124
Block: Kite shield       |    73 |   126 |   144 ||   343

Table legend:
 A = Non-vault XP
 B = Vault XP
 C = Vault XP percentage of total XP
 D = Non-vault monster count
 E = Vault monster count
 F = Vault count percentage of total count
                 A         B        C        D         E       F
            +---------+---------+-------+---------+---------+-------
      Total |    1987 |    1494 |  42.9 |      79 |      44 |  35.8
            +---------+---------+-------+---------+---------+-------
        D:1 |       9 |       3 |  25.0 |       5 |       2 |  28.6
        D:2 |       4 |      12 |  75.0 |       3 |       7 |  70.0
        D:3 |      30 |       0 |   0.0 |      14 |       0 |   0.0
        D:4 |     366 |     247 |  40.3 |      17 |      10 |  37.0
        D:5 |     533 |       0 |   0.0 |      23 |       0 |   0.0
        D:6 |     808 |     996 |  55.2 |      16 |       3 |  15.8
        D:7 |     237 |       0 |   0.0 |       1 |       0 |   0.0
    Ossuary |       0 |     236 | 100.0 |       0 |      22 | 100.0
            +---------+---------+-------+---------+---------+-------
